 Dungeon Crawl Stone Soup version bcrawl-1.18.1 (webtiles) character file.

Game seed: 18165095484791244730

26 Metae the Skirmisher (level 3, -1/29 HPs)
             Began as a Merfolk Skald on Nov 6, 2019.
             Slain by an orc
             ... wielding a +0 short sword
              (3 damage)
             ... on level 2 of the Dungeon.
             The game lasted 00:15:40 (952 turns).

Metae the Skirmisher (Merfolk Skald)                 Turns: 952, Time: 00:15:40

Health: -1/29      AC:  3    Str: 12    XL:     3   Next: 8%
Magic:  6/6        EV: 12    Int: 15    God:
Gold:   148        SH:  0    Dex: 13    Spells: 0/6 levels left

rFire    . . .     SeeInvis .   a - +0 spear
rCold    . . .     Gourm    .   (no shield)
rNeg     . . .     Faith    .   c - +0 leather armour {rPois}
rPois    +         Spirit   .   (no helmet)
rElec    .         Reflect  .   (no cloak)
rCorr    .         Harm     .   (no gloves)
MR       .....                  (no boots)
Stlth    +.........             n - amulet of the acrobat
HPRegen  0.09/turn              i - +3 ring of intelligence
MPRegen  0.10/turn              (no ring)

@: confused
A: change form in water, swift swim, stealthy swim
a: no special abilities


You were on level 2 of the Dungeon.
You were not hungry.

You visited 1 branch of the dungeon, and saw 2 of its levels.

You collected 148 gold pieces.

Inventory:

Hand Weapons
 a - a +0 spear (weapon)
 b - a +0 hunting sling
 h - a +0 short sword
Missiles
 e - 106 stones (quivered)
Armour
 c - a +0 leather armour of poison resistance (worn)
 l - a +0 leather armour
Jewellery
 i - a +3 ring of intelligence (left hand)
 n - an amulet of the acrobat (around neck)
 p - a cursed ring of attention {unknown}
Scrolls
 d - a scroll of fear
 g - a scroll of amnesia {unknown}
 k - 2 scrolls of identify {unknown}
 o - a scroll of teleportation {unknown}
Potions
 j - 2 potions of lignification {unknown}
 m - 2 potions of curing {unknown}
Comestibles
 f - 2 rations {!d}
 q - a chunk of flesh


   Skills:
 * Level 3.4 Fighting
 - Level 3.0 Polearms
 - Level 0.6 Armour
 - Level 3.1 Dodging
 - Level 2.1 Spellcasting
 - Level 3.2 Charms


You couldn't memorise any spells.
You knew the following spells:

 Your Spells              Type           Power        Failure   Level  Hunger
a - Infusion              Chrm           ##......     8%          1    #......
b - Song of Slaying       Chrm           ##......     11%         2    ###....
c - Ozocubu's Armour      Chrm/Ice       #.......     38%         3    ###....

Your spell library contained the following spells:

 Spells                   Type           Power        Failure   Level  Hunger
 Regeneration             Chrm/Necr      #.........   38%         3    ###....
 Spectral Weapon          Hex/Chrm       #.......     38%         3    ###....


Dungeon Overview and Level Annotations

Branches:
Dungeon (2/12)

Altars:


Message History

A dart slug comes into view.
The rat misses you. The orc misses you.
You are too injured to fight recklessly!
You are too injured to fight recklessly!
You are too injured to fight recklessly!
You are too injured to fight recklessly!
You closely miss the rat. The orc hits you with a +0 club.
* * * LOW HITPOINT WARNING * * *
The orc hits you.
* * * LOW HITPOINT WARNING * * *
You hear some strange, mumbled words.
You are more confused.
The rat bites you but does no damage. The orc barely misses you.
The hobgoblin barely misses you.
A kobold comes into view. It is wielding a -2 dagger.
You bump into the rock wall.
The orc hits you but does no damage. The orc barely misses you.
Something hits you.
* * * LOW HITPOINT WARNING * * *
The rat closely misses you. The orc hits you with a +0 short sword.
You die...

.! #K ######### w###.
#.......#
....######.......#
..........<.....#
..........รท....###
#.####......)....#
##.###g####.........#.##
......o@{..............#
##..##oor.#..##...###..#
#....#..###........
##...#..# ######..#
##.##..# #... #...#..#
.... ........# #...
##.[...... ...#
#...?.#..# #.##


You could see a dart slug, 3 orcs, a hobgoblin, a kobold and a rat.

Vanquished Creatures
  A dart slug (D:1)
  2 leopard geckos
  3 giant cockroaches (D:1)
  A goblin (D:1)
  4 hobgoblins
  3 bats
  4 frilled lizards (D:1)
  2 kobolds (D:1)
  2 rats
22 creatures vanquished.

Notes
Turn   | Place    | Note
-------+----------+-------------------------------------------
     0 | D:1      | Metae the Merfolk Skald began the quest for the Orb.
     0 | D:1      | Reached XP level 1. HP: 16/16 MP: 3/3
   178 | D:1      | Reached XP level 2. HP: 23/23 MP: 5/5
   185 | D:1      | Learned a level 2 spell: Song of Slaying
   848 | D:2      | Reached XP level 3. HP: 29/29 MP: 6/6
   921 | D:2      | Learned a level 3 spell: Ozocubu's Armour
   952 | D:2      | Slain by an orc

Skill      XL: |  1  2 |
---------------+-------+-----
Dodging        | 3 |  3.1
Fighting       | 3 |  3.4
Polearms       | |  3.0
Armour         | |  0.6
Spellcasting   | |  2.1
Charms         | |  3.2

Action                   || total
-------------------------++-------
Melee: Spear             ||    80
 Fire: Hunting sling     ||    28
 Cast: Infusion          ||     4
 Stab: Sleeping          ||     1
Armor: Leather armour    ||    14
Dodge: Dodged            ||    68
